3R
GIBTOWN ELEPHANTS @ AMARILLO WARHEADS
08/16/2038
 
TOP OF THE 1ST
Gibtown Elephants batting - Pitching for Amarillo Warheads : LHP Shigochiyo Tanaka
Pitching: LHP Shigochiyo Tanaka
Batting: RHB Guillermo Alemán 0-0: Ball
1-0: Called Strike
1-1: Called Strike
1-2: Foul Ball, location: 2F
1-2: Ball
2-2: Strikes out looking
Batting: RHB Dusan Kontic 0-0: Fly out, F9 (Flyball, 9S, EV 89.4 MPH)
Batting: RHB Joe Frank 0-0: Swinging Strike
0-1: Ball
1-1: Ball
2-1: Fly out, F3 (Flyball, 3D, EV 86.2 MPH)
Top of the 1st over - 0 runs, 0 hits, 0 errors, 0 left on base; Gibtown 0 - Amarillo 0
BOTTOM OF THE 1ST
Amarillo Warheads batting - Pitching for Gibtown Elephants : RHP Vicente Molina
Pitching: RHP Vicente Molina
Batting: RHB Norihisa Kino 0-0: Foul Ball, location: 2F
0-1: Called Strike
0-2: Foul Ball, location: 2F
0-2: Ball
1-2: Reached on error, E5 (Groundball, 56S, EV 64.4 MPH)
Batting: LHB Caspar Fewings 0-0: Ball
1-0: Ball
Norihisa Kino steals 3rd base
2-0: SINGLE (Line Drive, 6MD, EV 98.8 MPH)
Norihisa Kino scores
Batting: LHB Tippi Degré 0-0: SINGLE (Flyball, 78S, EV 90.0 MPH)
Caspar Fewings to second
Batting: RHB António Hierro 0-0: Ground out 4-3 (Groundball, 4MS, EV 73.1 MPH)
Caspar Fewings to third
Tippi Degré to second
Batting: LHB Rick Crockett 0-0: Foul Ball, location: 2F
0-1: Fly out, F7 (Flyball, 7D, EV 85.0 MPH)
Runner from 3rd tags up, SCORES, no throw by LF
Batting: RHB Joe Holmes 0-0: Ball
1-0: Foul Ball, location: 2F
1-1: Ball
2-1: Foul Ball, location: 2F
2-2: Strikes out swinging
Bottom of the 1st over - 2 runs, 2 hits, 1 error, 1 left on base; Gibtown 0 - Amarillo 2
TOP OF THE 2ND
Gibtown Elephants batting - Pitching for Amarillo Warheads : LHP Shigochiyo Tanaka
Batting: SHB Christian Cole 0-0: Called Strike
0-1: Called Strike
0-2: Foul Ball, location: 2F
0-2: Ball
1-2: Foul Ball, location: 2F
1-2: Strikes out looking
Batting: LHB Jeff McNeice 0-0: Ball
1-0: Ball
2-0: Called Strike
2-1: Foul Ball, location: 2F
2-2: Ball
3-2: Fly out, F9 (Flyball, 89S, EV 92.5 MPH)
Batting: LHB Jorge Cruz 0-0: Ball
1-0: Ball
2-0: Called Strike
2-1: Foul Ball, location: 2F
2-2: Foul Ball, location: 2F
2-2: Hit by Pitch
Batting: LHB Mark Mears 0-0: Swinging Strike
0-1: Ball
1-1: Called Strike
1-2: Strikes out swinging
Top of the 2nd over - 0 runs, 0 hits, 0 errors, 1 left on base; Gibtown 0 - Amarillo 2
BOTTOM OF THE 2ND
Amarillo Warheads batting - Pitching for Gibtown Elephants : RHP Vicente Molina
Batting: RHB David Filmer 0-0: Ball
1-0: Fly out, F7 (Flyball, 78M, EV 78.1 MPH)
Batting: RHB Gary Pueblo 0-0: Fly out, F7 (Flyball, 7LS, EV 90.6 MPH)
Batting: RHB Curtis Tiger 0-0: Fly out, F3 (Popup, 3S, EV 73.1 MPH)
Bottom of the 2nd over - 0 runs, 0 hits, 0 errors, 0 left on base; Gibtown 0 - Amarillo 2
TOP OF THE 3RD
Gibtown Elephants batting - Pitching for Amarillo Warheads : LHP Shigochiyo Tanaka
Batting: RHB Colton Pennington 0-0: Ball
1-0: Foul Ball, location: 2F
1-1: Ball
2-1: SINGLE (Groundball, 56D, EV 98.8 MPH)
Batting: LHB Dan Quintana 0-0: Called Strike
0-1: Foul Ball, location: 2F
0-2: Strikes out swinging
Batting: RHB Guillermo Alemán 0-0: Ball
1-0: Fly out, F8 (Flyball, 8RS, EV 88.8 MPH)
Batting: RHB Dusan Kontic 0-0: Called Strike
0-1: Ball
1-1: Foul Ball, location: 2F
1-2: Foul Ball, location: 2F
1-2: Strikes out looking
Top of the 3rd over - 0 runs, 1 hit, 0 errors, 1 left on base; Gibtown 0 - Amarillo 2
BOTTOM OF THE 3RD
Amarillo Warheads batting - Pitching for Gibtown Elephants : RHP Vicente Molina
Batting: RHB Norihisa Kino 0-0: Ball
1-0: DOUBLE (Line Drive, 7LS, EV 95.6 MPH)
Batting: LHB Caspar Fewings 0-0: Called Strike
0-1: Ball
1-1: SINGLE (Line Drive, 6D, EV 95.6 MPH)
Norihisa Kino to third
Batting: LHB Tippi Degré 0-0: Ball
1-0: SINGLE (Line Drive, 89S, EV 98.8 MPH)
Norihisa Kino scores
Caspar Fewings to second
Batting: RHB António Hierro 0-0: Called Strike
0-1: Foul Ball, location: 2F
0-2: Ball
1-2: Strikes out looking
Batting: LHB Rick Crockett 0-0: Called Strike
0-1: Ball
1-1: Grounds into double play, 1-6-3 (Groundball, 13, EV 66.9 MPH)
Bottom of the 3rd over - 1 run, 3 hits, 0 errors, 1 left on base; Gibtown 0 - Amarillo 3
TOP OF THE 4TH
Gibtown Elephants batting - Pitching for Amarillo Warheads : LHP Shigochiyo Tanaka
Batting: RHB Joe Frank 0-0: Foul Ball, location: 2F
0-1: Swinging Strike
0-2: Ball
1-2: Foul Ball, location: 2F
1-2: Foul Ball, location: 2F
1-2: Foul Ball, location: 2F
1-2: SINGLE (Line Drive, 9S, EV 97.5 MPH)
Batting: SHB Christian Cole 0-0: Foul Ball, location: 2F
0-1: Ball
1-1: Fly out, F9 (Flyball, 9S, EV 91.2 MPH)
Batting: LHB Jeff McNeice 0-0: Fly out, F9 (Flyball, 9, EV 88.8 MPH)
Batting: LHB Jorge Cruz 0-0: Foul Ball, location: 2F
0-1: Swinging Strike
0-2: Strikes out swinging
Top of the 4th over - 0 runs, 1 hit, 0 errors, 1 left on base; Gibtown 0 - Amarillo 3
BOTTOM OF THE 4TH
Amarillo Warheads batting - Pitching for Gibtown Elephants : RHP Vicente Molina
Batting: RHB Joe Holmes 0-0: Ball
1-0: Called Strike
1-1: Foul Ball, location: 2F
1-2: DOUBLE (Flyball, 8RXD, EV 98.8 MPH)
Batting: RHB David Filmer 0-0: Ball
1-0: Foul Ball, location: 2F
1-1: Ball
2-1: Ground out 6-3 (Groundball, 6, EV 104.4 MPH)
Batting: RHB Gary Pueblo 0-0: Called Strike
0-1: Ball
1-1: Ground out 5-3 (Groundball, 56, EV 105.0 MPH)
Batting: RHB Curtis Tiger 0-0: Called Strike
0-1: Ball
1-1: Ball
2-1: Ground out 6-3 (Groundball, 6D, EV 108.1 MPH)
Bottom of the 4th over - 0 runs, 1 hit, 0 errors, 1 left on base; Gibtown 0 - Amarillo 3
TOP OF THE 5TH
Gibtown Elephants batting - Pitching for Amarillo Warheads : LHP Shigochiyo Tanaka
Batting: LHB Mark Mears 0-0: Ball
1-0: Foul Ball, location: 2F
1-1: Fly out, F7 (Flyball, 7D, EV 90.0 MPH)
Pitching: RHP Shen Woo
Batting: RHB Colton Pennington 0-0: Called Strike
0-1: Swinging Strike
0-2: Ball
1-2: Ball
2-2: Foul Ball, location: 2F
2-2: Foul Ball, location: 2F
2-2: Strikes out looking
Batting: LHB Dan Quintana 0-0: Ball
1-0: Foul Ball, location: 2F
1-1: Ball
2-1: Fly out, F8 (Flyball, 8RS, EV 81.9 MPH)
Top of the 5th over - 0 runs, 0 hits, 0 errors, 0 left on base; Gibtown 0 - Amarillo 3
BOTTOM OF THE 5TH
Amarillo Warheads batting - Pitching for Gibtown Elephants : RHP Vicente Molina
Batting: RHB Norihisa Kino 0-0: Ball
1-0: Foul Ball, location: 2F
1-1: Ground out 6-3 (Groundball, 6, EV 85.6 MPH)
Batting: LHB Caspar Fewings 0-0: Ball
1-0: Fly out, F8 (Flyball, 78S, EV 79.4 MPH)
Batting: LHB Tippi Degré 0-0: Ground out 6-3 (Groundball, 6, EV 108.1 MPH)
Bottom of the 5th over - 0 runs, 0 hits, 0 errors, 0 left on base; Gibtown 0 - Amarillo 3
TOP OF THE 6TH
Gibtown Elephants batting - Pitching for Amarillo Warheads : RHP Shen Woo
Batting: RHB Guillermo Alemán 0-0: Ball
1-0: Ball
2-0: Ball
3-0: Base on Balls
Batting: RHB Dusan Kontic 0-0: Called Strike
0-1: Swinging Strike
0-2: Strikes out swinging
Batting: RHB Joe Frank 0-0: Fly out, F3 (Popup, 3SF, EV 82.5 MPH)
Batting: SHB Christian Cole 0-0: Called Strike
0-1: Ball
1-1: Called Strike
1-2: Ball
2-2: Foul Ball, location: 2F
2-2: Foul Ball, location: 2F
2-2: Ball
3-2: Foul Ball, location: 2F
3-2: Base on Balls
Guillermo Alemán to second
Batting: LHB Jeff McNeice 0-0: Swinging Strike
0-1: Called Strike
0-2: Foul Ball, location: 2F
0-2: Ball
1-2: Strikes out swinging
Top of the 6th over - 0 runs, 0 hits, 0 errors, 2 left on base; Gibtown 0 - Amarillo 3
BOTTOM OF THE 6TH
Amarillo Warheads batting - Pitching for Gibtown Elephants : RHP Vicente Molina
Batting: RHB António Hierro 0-0: SINGLE (Line Drive, 4M, EV 94.4 MPH)
Batting: LHB Rick Crockett 0-0: Ball
1-0: Foul Ball, location: 2F
1-1: Fly out, F9 (Flyball, 89D, EV 91.9 MPH)
Batting: RHB Joe Holmes 0-0: Called Strike
0-1: Ball
1-1: Swinging Strike
1-2: Foul Ball, location: 2F
1-2: Grounds into double play, 1-6-3 (Groundball, 13, EV 66.2 MPH)
Bottom of the 6th over - 0 runs, 1 hit, 0 errors, 0 left on base; Gibtown 0 - Amarillo 3
TOP OF THE 7TH
Gibtown Elephants batting - Pitching for Amarillo Warheads : RHP Shen Woo
Batting: LHB Jorge Cruz 0-0: Ball
1-0: Called Strike
1-1: Ball
2-1: Ball
3-1: Base on Balls
Batting: LHB Mark Mears 0-0: Ball
1-0: Called Strike
1-1: Fielders Choice at 2nd, 2-6 (Groundball, 13S, EV 71.2 MPH)
Batting: RHB Colton Pennington 0-0: Ball
1-0: Ball
2-0: Fly out, F6 (Popup, 6S, EV 69.4 MPH)
Batting: LHB Dan Quintana 0-0: Ball
1-0: Ball
2-0: Ball
3-0: Base on Balls
Mark Mears to second
Batting: RHB Guillermo Alemán 0-0: Ball
1-0: Ball
2-0: Called Strike
2-1: Foul Ball, location: 2F
2-2: Fly out, F9 (Flyball, 89D, EV 110.0 MPH)
Top of the 7th over - 0 runs, 0 hits, 0 errors, 2 left on base; Gibtown 0 - Amarillo 3
BOTTOM OF THE 7TH
Amarillo Warheads batting - Pitching for Gibtown Elephants : RHP Vicente Molina
Now in RF: Bilal Hussain
Batting: RHB David Filmer 0-0: Foul Ball, location: 2F
0-1: Called Strike
0-2: Ball
1-2: Ball
2-2: Foul Ball, location: 2F
2-2: Ball
3-2: Base on Balls
Batting: RHB Gary Pueblo 0-0: Bunted foul
0-1: Sac Bunt to 2R - play at first, batter OUT! 2-4
David Filmer to second
Batting: RHB Curtis Tiger 0-0: SINGLE (Groundball, 6MD, EV 95.0 MPH)
David Filmer to third
Runner from 3rd tries for Home, SAFE, throw by CF to home
Batting: RHB Norihisa Kino 0-0: Swinging Strike
0-1: Swinging Strike
0-2: Foul Ball, location: 2F
0-2: Foul Ball, location: 2F
0-2: Ball
Passed Ball!
Curtis Tiger to second
1-2: Strikes out swinging
Batting: LHB Caspar Fewings 0-0: Ball
1-0: Ball
2-0: Ball
3-0: Called Strike
3-1: Swinging Strike
3-2: Base on Balls
Batting: LHB Tippi Degré 0-0: Ball
1-0: Swinging Strike
1-1: Foul Ball, location: 2F
1-2: Ball
2-2: Fly out, F9 (Line Drive, 9, EV 93.8 MPH)
Bottom of the 7th over - 1 run, 1 hit, 0 errors, 2 left on base; Gibtown 0 - Amarillo 4
TOP OF THE 8TH
Gibtown Elephants batting - Pitching for Amarillo Warheads : RHP Shen Woo
Batting: RHB Dusan Kontic 0-0: Ball
1-0: Foul Ball, location: 2F
1-1: Swinging Strike
1-2: SINGLE (Groundball, 34D, EV 105.6 MPH)
Pitching: RHP Jhon Aimar
Batting: RHB Joe Frank 0-0: Ball
1-0: Swinging Strike
1-1: Swinging Strike
1-2: Grounds into double play, 5-4-3 (Groundball, 5, EV 101.9 MPH)
Batting: SHB Christian Cole 0-0: Foul Ball, location: 2F
0-1: Called Strike
0-2: Ball
1-2: Ball
2-2: Strikes out swinging
Top of the 8th over - 0 runs, 1 hit, 0 errors, 0 left on base; Gibtown 0 - Amarillo 4
BOTTOM OF THE 8TH
Amarillo Warheads batting - Pitching for Gibtown Elephants : RHP Vicente Molina
Batting: RHB António Hierro 0-0: Swinging Strike
0-1: Ball
1-1: Ground out 6-3 (Groundball, 6MD, EV 80.0 MPH)
Batting: LHB Rick Crockett 0-0: SINGLE (Groundball, 34D, EV 107.5 MPH)
Batting: RHB Joe Holmes 0-0: Ball
1-0: Called Strike
1-1: Called Strike
1-2: Fly out, F7 (Flyball, 7D, EV 92.5 MPH)
Pitching: RHP Ramón Vázquez
Batting: RHB David Filmer 0-0: Called Strike
0-1: Foul Ball, location: 2F
0-2: Strikes out swinging
Bottom of the 8th over - 0 runs, 1 hit, 0 errors, 1 left on base; Gibtown 0 - Amarillo 4
TOP OF THE 9TH
Gibtown Elephants batting - Pitching for Amarillo Warheads : RHP Jhon Aimar
Pitching: RHP Peter Kossan
Batting: LHB Jeff McNeice 0-0: SINGLE (Groundball, 6MD, EV 98.8 MPH)
Batting: LHB Bilal Hussain 0-0: Called Strike
0-1: Swinging Strike
0-2: Strikes out swinging
Batting: LHB Mark Mears 0-0: Called Strike
0-1: Fly out, F7 (Flyball, 78M, EV 93.1 MPH)
Batting: RHB Colton Pennington 0-0: Ball
1-0: Called Strike
1-1: Ball
2-1: Foul Ball, location: 2F
2-2: Fielders Choice at 2nd, 5-4 (Groundball, 56, EV 93.1 MPH)
Top of the 9th over - 0 runs, 1 hit, 0 errors, 1 left on base; Gibtown 0 - Amarillo 4
Friday, April 17th, 2020 - OOTP Baseball 20.8 Build 74